 Dungeon Crawl Stone Soup version 0.32-a0-996-gb3226c233f (webtiles) character file.

Game seed: 12748946131891972062

401 ezpacito the Chopper (level 6, -2/28 (38) HPs)
             Began as a Coglin Chaos Knight on Apr 23, 2024.
             Was a Plaything of Xom.
             Slain by Duvessa
             ... wielding a +2 short sword of draining
              (18 damage)
             ... on level 4 of the Dungeon.
             The game lasted 00:03:39 (3378 turns).

ezpacito the Chopper (Coglin Chaos Knight)          Turns: 3378, Time: 00:03:39

HP:   -2/28 (38)    AC:  7    Str: 15    XL:     6   Next: 85%
MP:   7/7           EV: 10    Int: 11    God:    Xom [..*...]
Gold: 207           SH:  0    Dex: 13    Spells: 4/7 levels left

rFire   . . .        a - +0 hand axe (chaos) {Navbir}
rCold   + . .        x - +0 trident (chaos) {Titus}
rNeg    . . .        w - +1 ring mail {rC+}
rPois   .            (no helmet)
rElec   .            e - +0 cloak
rCorr   .            (no gloves)
SInv    .            (no boots)
Will    .....        (amulet unavailable)
Stlth   +            (ring unavailable)
HPRegen 0.24/turn    (ring unavailable)
MPRegen 0.10/turn    (no gizmo)

%: clarity
@: very heavily drained, revved
A: off-hand wielding, slow wielding, warmup strikes, no jewellery, clarity,
frail 2
a: Invent Gizmo, Renounce Religion


You were on level 4 of the Dungeon.
You worshipped Xom.
You were a toy of Xom.
You visited 1 branch of the dungeon, and saw 4 of its levels.

You collected 207 gold pieces.

Inventory:

Hand Weapons
 a - a +0 hand axe of chaos (weapon) {Navbir}
 n - a +0 war axe
 p - a +0 sling
 x - a +0 trident of chaos (offhand) {Titus}
Missiles
 d - 5 boomerangs
 m - 8 poisoned darts (quivered)
Armour
 e - a +0 cloak (worn)
 w - a +1 ring mail of cold resistance (worn)
Magical Staves
 f - a staff of death
Talismans
 t - a beast talisman
 u - a maw talisman
Scrolls
 b - a scroll of immolation {unknown}
 g - a scroll of blinking {unknown}
 h - 2 scrolls of identify {unknown}
 i - a scroll of enchant weapon {unknown}
 j - a scroll of enchant armour {unknown}
 s - a scroll of brand weapon {unknown}
Potions
 k - a potion of mutation {unknown}
 l - a potion of lignification {unknown}
 o - a potion of heal wounds {unknown}
 q - 2 potions of curing
 r - a potion of haste {unknown}
 v - a potion of brilliance {unknown}
 z - a potion of degeneration {unknown}


   Skills:
 * Level 3.8 Fighting
 * Level 4.0(4.3) Axes
 * Level 1.9(3.0) Polearms
 + Level 1.0 Throwing
 * Level 2.7 Armour
 * Level 2.2 Dodging
 + Level 1.3 Stealth
 + Level 1.0 Spellcasting
 + Level 1.3 Necromancy
 + Level 1.5 Evocations
 + Level 0.3 Shapeshifting


You had 4 spell levels left.
You knew the following spells:

 Your Spells              Type           Power      Damage    Failure   Level
a - Fugue of the Fallen   Necr           3%         N/A       73%         3

Your spell library contained the following spells:

 Spells                   Type           Power      Damage    Failure   Level
 Freeze                   Ice            0%         1d3       52%         1
 Ensorcelled Hibernation  Hex/Ice        0%         N/A       67%         2
 Static Discharge         Conj/Air       0%         3-3/arc   67%         2
 Frozen Ramparts          Ice            0%         1d1       88%         3
 Hailstorm                Conj/Ice       0%         3d5       88%         3
 Ozocubu's Armour         Ice            0%         N/A       88%         3
 Airstrike                Air            0%         2d(0-16)  99%         4
 Anguish                  Hex/Necr       1%         N/A       99%         4
 Summon Lightning Spire   Summ/Air       0%         N/A       99%         4
 Metabolic Englaciation   Hex/Ice        0%         N/A       100%        5


Dungeon Overview and Level Annotations

Branches:
Dungeon (4/15)
 Temple: D:4-7

Altars:

Shops:
D:2 =

Annotations:
D:4 Dowan, Duvessa


Innate Abilities, Weirdness & Mutations

You can wield a second weapon in your off-hand.
It takes a long time for you to wield or remove held weapons.
Your first few attacks do less damage.
You cannot equip rings or amulets.
You possess an exceptional clarity of mind.
You are very frail. (-20% HP)


Message History

You hit Duvessa but do no damage.
Duvessa becomes as fragile as glass!
Dowan says, "My weaknesses are her strengths!"
Dowan mumbles some strange words.
Dowan blinks!
Duvessa completely misses you.
It was a potion of curing.
You feel better.
q - 2 potions of curing;
g - a scroll labelled EROKLO MIMOCA Duvessa hits you with a +2 short sword of draining.
You feel drained.
You take 1 damage, and have 14/29 hp.
You hit Duvessa but do no damage.
Duvessa looks as sick as possible!
Duvessa is moderately wounded.
You barely miss Duvessa with your +0 trident of chaos.
Your butterfly degenerates into a cloud of primal chaos!
Your butterfly is engulfed in seething chaos.
Your butterfly suddenly seems more resistant.
Duvessa barely misses you.
You closely miss Duvessa with your +0 hand axe of chaos.
Duvessa is moderately wounded.
You hit Duvessa but do no damage.
Your butterfly is engulfed in seething chaos.
Duvessa barely misses you.
You hit Duvessa but do no damage.
Duvessa is heavily wounded.
You closely miss Duvessa with your +0 hand axe of chaos.
Duvessa hits you but does no damage.
You feel drained.
You barely miss Duvessa with your +0 trident of chaos.
Duvessa is heavily wounded.
You barely miss Duvessa with your +0 hand axe of chaos.
Your butterfly disappears in a puff of smoke!
Duvessa barely misses you.
You hit Duvessa with your +0 trident of chaos.
You burn Duvessa.
Duvessa is heavily wounded.
You hit Duvessa with your +0 hand axe of chaos.
You burn Duvessa.
Your butterfly disappears in a burst of colours!
Duvessa hits you with a +2 short sword of draining!!
Ouch! That really hurt!
You die...
Xom laughs nastily!

#.# # #.# .#
###.# ####.#
##..# #.....
[..##########..#
...............#
.#.########.#.##
.#.#
#..†.#########.#
.#.#
#..bb.@eeS.....#
.#>#
##...########..#
.#.# ##.##
...##### #..
..>....# ####
#####.[# #..#
#..# #####..#


You could see Duvessa (strong, very poisoned, drained, ally target, vitrified),
Dowan and a ball python.

Vanquished Creatures
  An ogre (D:4)
  A scorpion (D:4)
  Crazy Yiuf (D:3)
  2 hounds (D:4)
  2 iguanas (D:4)
  5 adders
  A dart slug (D:1)
  An orc (D:3)
  3 bats
  8 endoplasms
  A giant cockroach (D:1)
  5 goblins
  13 hobgoblins
  10 jackals (D:1)
  4 quokkas
  10 ball pythons
  5 frilled lizards
  3 kobolds
  4 rats
80 creatures vanquished.

Notes
Turn   | Place    | Note
-------+----------+-------------------------------------------
     0 | D:1      | ezpacito the Coglin Chaos Knight began the quest for the
                  | Orb.
     0 | D:1      | Reached XP level 1. HP: 18/18 MP: 1/1
    23 | D:1      | Reached skill level 1 in Dodging
    23 | D:1      | XOM: silly message
    29 | D:1      | Reached XP level 2. HP: 11/24 MP: 2/2
   227 | D:1      | XOM: potion effect (might)
   504 | D:1      | Reached XP level 3. HP: 23/29 MP: 3/3
   588 | D:1      | XOM: cloud trail
  1156 | D:2      | XOM: enchant monster (good)
  1289 | D:2      | Found a faded altar of an unknown god.
  1565 | D:2      | Reached XP level 4. HP: 21/35 MP: 4/4
  1709 | D:2      | Found Xaif's Jewellery Boutique.
  2183 | D:3      | XOM: noise
  2243 | D:3      | XOM: noise
  2321 | D:3      | XOM: give mutations
  2321 | D:3      | Gained mutation: You are frail. (-10% HP) [Xom's mischief]
  2321 | D:3      | Gained mutation: You are very frail. (-20% HP) [Xom's
                  | mischief]
  2321 | D:3      | Gained mutation: You possess an exceptional clarity of
                  | mind. [Xom's mischief]
  2340 | D:3      | Reached skill level 1 in Polearms
  2510 | D:3      | XOM: summons 1 hostile demon
  2639 | D:3      | Found a runed translucent door.
  2640 | D:3      | Noticed Crazy Yiuf
  2703 | D:3      | XOM: stat loss: -1 Dex (12/13)
  2707 | D:3      | Killed Crazy Yiuf
  2708 | D:3      | Reached XP level 5. HP: 19/32 MP: 5/5
  2799 | D:4      | Reached skill level 1 in Evocations
  2810 | D:4      | Identified the +1 robe of Classification {+Blink rC+ Dex-5
                  | Archmagi}
  2845 | D:4      | Learned a level 3 spell: Fugue of the Fallen
  2991 | D:4      | Reached skill level 1 in Stealth
  3006 | D:4      | Reached skill level 1 in Necromancy
  3006 | D:4      | Reached XP level 6. HP: 38/38 MP: 7/7
  3030 | D:4      | Noticed Blork the orc
  3037 | D:4      | XOM: chaos upgrade
  3043 | D:4      | Blork the orc changed into Blork the ogre
  3043 | D:4      | Noticed Blork
  3043 | D:4      | XOM: polymorph Blork the orc -> Blork the ogre
  3048 | D:4      | Killed Blork the ogre
  3052 | D:4      | Reached skill level 1 in Throwing
  3267 | D:4      | Reached skill level 4 in Axes
  3267 | D:4      | Reached skill level 1 in Spellcasting
  3353 | D:4      | Noticed Dowan
  3354 | D:4      | Noticed Duvessa
  3356 | D:4      | XOM: silly message
  3359 | D:4      | XOM: silly message
  3362 | D:4      | XOM: butterfly on damage
  3378 | D:4      | Slain by Duvessa

Illustrated notes

Levels and vault maps discovered:
D:1:      giann_bridges, layout_basic, minmay_misc_feat_iff, st_stairs_11
D:2:      layout_loops_ring, serial_shops, shop,
          dreamdust_ecumenical_altar_statues
D:3:      minmay_evil_eye, layout_loops_ring, uniq_crazy_yiuf_cottage
D:4:      layout_loops_ring, makhleb_heckhound_becter, grunt_ministairs_1,
          nicolae_shop_i_like_small_books_too, uniq_blork_the_orc, uniq_duvessa,
          uniq_ijyb

Skill      XL: |  1  2  3  4  5  6 |
---------------+-------------------+-----
Dodging        | 1 2 |  2.2
Armour         | 2 |  2.7
Polearms       | 1 |  1.9
Evocations     | 1 |  1.5
Stealth        | 1 |  1.3
Necromancy     | 1 |  1.3
Throwing       | 1 |  1.0
Axes           | 4 |  4.0
Spellcasting   | 1 |  1.0
Fighting       | |  3.8
Shapeshifting  | |  0.3

Action                     |  1- 3 |  4- 6 || total
---------------------------+-------+-------++-------
  Melee: Hand axe          |   102 |    97 ||   199
         Dagger            |    94 |    32 ||   126
         Trident           |       |    67 ||    67
  Throw: Dart              |       |     6 ||     6
    Use: Scroll            |       |     1 ||     1
         Potion            |       |     1 ||     1
   Stab: Sleeping          |       |     3 ||     3
         Confused          |       |     2 ||     2
 Armour: Leather armour    |    81 |    41 ||   122
         Ring mail         |       |    31 ||    31
  Dodge: Dodged            |    87 |    55 ||   142

Table legend: (Time is in decaauts)
 A = Elapsed time spent in this place.
 B = Non-inter-level travel time spent in this place.
 C = Inter-level travel time spent in this place.
 D = Time resting spent in this place.
 E = Time spent auto-exploring this place.
 F = Levels seen in this place.
 G = Mean time per level.
                   A        B        C        D        E       F      G
               +--------+--------+--------+--------+--------+-----+--------+
         Total |   3400 |   3243 |    157 |      0 |   2628 |   4 |  850.0 |
       Dungeon |   3400 |   3243 |    157 |      0 |   2628 |   4 |  850.0 |
               +--------+--------+--------+--------+--------+-----+--------+

Top non-repeatable levels by time:
     D:1: 1160 daAuts
     D:2: 851 daAuts
     D:3: 798 daAuts
     D:4: 590 daAuts
